 Dungeon Crawl Stone Soup version 0.29-a0-923-g6e406bff71 (webtiles) character file.

Game seed: 17234477525174591927

66 Garessta the Caller (level 4, -1/27 HPs)
             Began as an Octopode Summoner on July 28, 2022.
             Slain by Robin
             ... wielding a +0 trident
              (7 damage)
             ... on level 1 of the Dungeon.
             The game lasted 00:04:25 (2268 turns).

Garessta the Caller (Octopode Summoner)             Turns: 2268, Time: 00:04:25

Health: -1/27      AC:  1    Str:  7    XL:     4   Next: 15%
Magic:  3/8        EV: 13    Int: 19    God:
Gold:   28         SH:  0    Dex: 12    Spells: 2/8 levels left

rFire   + . .      SeeInvis .   d - +0 dagger
rCold   . . .      Faith    .   (no shield)
rNeg    + . .      Spirit   .   (helmet restricted)
rPois   .          Reflect  .   (no amulet)
rElec   .          Harm     .   c - ring of protection from fire
rCorr   .          Rampage  .   l - ring of positive energy
Will    .....                   (no ring)
Stlth   +++.......              (no ring)
HPRegen 0.09/turn               (no ring)
MPRegen 0.11/turn               (no ring)
                                (no ring)
                                (no ring)

@: no status effects
A: almost no armour, amphibious, 8 rings, camouflage 1, gelatinous body 1,
(nimble swimmer 1), tentacles
a: no special abilities


You were on level 1 of the Dungeon.
You visited 1 branch of the dungeon, and saw 2 of its levels.

You collected 28 gold pieces.

Inventory:

Hand Weapons
 d - a +0 dagger (weapon)
Jewellery
 c - a ring of protection from fire (left tentacle)
 l - a ring of positive energy (right tentacle)
Scrolls
 e - a scroll of magic mapping {unknown}
 f - 3 scrolls of teleportation {unknown}
 g - a scroll of identify {unknown}
 h - a scroll of vulnerability {unknown}
 k - a scroll of summoning {unknown}
 m - a scroll of noise {unknown}
Potions
 a - a potion of magic
 b - a potion of heal wounds {unknown}
 i - a potion of degeneration {unknown}
 j - a potion of attraction {unknown}


   Skills:
 - Level 2.0 Dodging
 - Level 2.6 Stealth
 + Level 2.7 Spellcasting
 + Level 2.0 Hexes
 + Level 4.5 Summonings


You had 2 spell levels left.
You knew the following spells:

 Your Spells              Type           Power      Damage    Failure   Level
a - Call Canine Familiar  Summ           20%        N/A       7%          3
b - Call Imp              Summ           20%        N/A       3%          2
c - Summon Small Mammal   Summ           80%        N/A       2%          1

Your spell library contained the following spells:

 Spells                   Type           Power      Damage    Failure   Level
 Sting                    Tmut/Pois      8%         1d3       16%         1
 Poisonous Vapours        Pois/Air       4%         N/A       24%         2
 Summon Guardian Golem    Hex/Summ       15%        N/A       12%         3
 Gell's Gravitas          Tloc           2%         N/A       43%         3
 Teleport Other           Tloc           2%         N/A       43%         3
 Summon Lightning Spire   Summ/Air       11%        N/A       52%         4
 Olgreb's Toxic Radiance  Pois           2%         N/A       83%         4
 Dispersal                Tloc           1%         N/A       100%        6


Dungeon Overview and Level Annotations

Branches:
Dungeon (2/15)

Altars:

Annotations:
D:2 1 runed translucent door, Crazy Yiuf, Robin


Innate Abilities, Weirdness & Mutations

You cannot wear most types of armour.
You are amphibious.
You can wear up to eight rings at the same time.
Your skin changes colour to match your surroundings (Stealth+).
Your rubbery body absorbs attacks. (AC +1, EV +1)
((You are camouflaged when in or above water. (Stealth+)))
You have tentacles for arms and can constrict up to eight enemies at once.


Message History

You climb upwards.
Reactivating autopickup.
There is a stone staircase leading down here.
You start resting.
Magic restored.
You start resting.
HP restored.
You climb downwards.
Level annotation: 1 runed translucent door, Crazy Yiuf, Robin
There is a stone staircase leading up here.
A beastly little devil appears in a puff of flame.
Your crimson imp misses the goblin.
Your crimson imp blinks!
You closely miss the goblin. Your grab misses the goblin.
You squeeze the goblin.
You kill the goblin!
Something barely misses your crimson imp.
Something hits your crimson imp! Something misses your crimson imp.
Something closely misses your hound.
Your hound bites something.
Something completely misses your hound.
Your hound closely misses something.
Your hound closely misses something.
Something hits you.
Deactivating autopickup; reactivate with Ctrl-A.
Your hound closely misses something.
Your hound bites something.
Something hits you but does no damage.
Your hound bites something.
Something hits you.
Your hound bites something but does no damage. x2
Something hits you.
Your hound bites something.
Something hits you.
You swap places.
Your hound bites something. x2; Something hits you.
There is a stone staircase leading up here.
Your hound bites something but does no damage.
Something hits you!
* * * LOW HITPOINT WARNING * * *
You climb upwards.
Your summoned ally is left behind.
Reactivating autopickup.
There is a stone staircase leading down here.
Something hits you!
You die...

(......# ##.## #.#
######.#######...## #.#
............#)###.######
#.# ######.####...#
#......# #.# #.#
#...###.####.# #.# #.#
#............# #.# #.#
##.##h.####..# #.#
####.#####.###.#
#..##### #.#
###..........# #@#
#......# #.#
......######## #.#
##.###.# #.# ###...# #.#
#.# #.# #.# ##.## #.#
#.# #.# #.# #.## #.# #.#
#.# #.# ##..### #.# #.#
#.# #.# #.....# #.#
##.###.# #.# ###.###.###
#.####.#.##.####.# ....#
#...# #.##..###........#


You could see a friendly hound (summoned).

Vanquished Creatures
  3 giant cockroaches (D:1)
  2 hobgoblins
  A jackal (D:2)
  A ball python (D:2)
  3 bats
  8 goblins
  4 rats
22 creatures vanquished.

Vanquished Creatures (collateral kills)
  An adder (D:2)
  A worm (D:2)
  A dart slug (D:2)
  A bat (D:2)
  4 endoplasms
  2 giant cockroaches (D:1)
  4 goblins
  3 hobgoblins (D:2)
  3 jackals
  A kobold (D:1)
  A quokka (D:2)
22 creatures vanquished.

Grand Total: 44 creatures vanquished

Notes
Turn   | Place    | Note
-------+----------+-------------------------------------------
     0 | D:1      | Garessta the Octopode Summoner began the quest for the Orb.
     0 | D:1      | Reached XP level 1. HP: 11/11 MP: 3/3
   424 | D:1      | Reached XP level 2. HP: 17/17 MP: 0/5
   427 | D:1      | Learned a level 2 spell: Call Imp
   810 | D:1      | Reached skill level 1 in Hexes
  1396 | D:2      | Reached XP level 3. HP: 19/21 MP: 2/6
  1439 | D:2      | Learned a level 3 spell: Call Canine Familiar
  1500 | D:2      | Found a runed translucent door.
  1502 | D:2      | Noticed Crazy Yiuf
  1828 | D:2      | Found a faded altar of an unknown god.
  2042 | D:2      | Noticed Robin
  2046 | D:2      | Reached XP level 4. HP: 13/27 MP: 2/8
  2268 | D:1      | Slain by Robin

Illustrated notes

Levels and vault maps discovered:
D:1:      dpeg_arrival_long_road, layout_loops_ring
D:2:      kennysheep_big_flooded_room, layout_loops_corners,
          hellmonk_ecumenical_altar_zigzags, minmay_cut_off, uniq_robin,
          uniq_crazy_yiuf_cottage

Skill      XL: |  1  2  3  4 |
---------------+-------------+-----
Hexes          | 1 2 |  2.0
Dodging        | |  2.0
Stealth        | |  2.6
Spellcasting   | |  2.7
Summonings     | |  4.5

Action                   |  1- 3 |  4- 6 || total
-------------------------+-------+-------++-------
Melee: Unarmed           |     9 |       ||     9
       Tentacles         |    11 |     2 ||    13
       Constrict         |     8 |     2 ||    10
       Dagger            |    30 |     3 ||    33
 Cast: Summon Small Mamm |    13 |       ||    13
       Call Imp          |    14 |     1 ||    15
       Call Canine Famil |     2 |     2 ||     4
 Stab: Sleeping          |     9 |       ||     9
Armor: Skin              |     3 |     2 ||     5
Dodge: Dodged            |    21 |     1 ||    22

Table legend: (Time is in decaauts)
 A = Elapsed time spent in this place.
 B = Non-inter-level travel time spent in this place.
 C = Inter-level travel time spent in this place.
 D = Time resting spent in this place.
 E = Time spent auto-exploring this place.
 F = Levels seen in this place.
 G = Mean time per level.
                   A        B        C        D        E       F      G
               +--------+--------+--------+--------+--------+-----+--------+
         Total |   2267 |   2248 |     19 |    146 |   1716 |   2 | 1133.5 |
       Dungeon |   2267 |   2248 |     19 |    146 |   1716 |   2 | 1133.5 |
               +--------+--------+--------+--------+--------+-----+--------+

Top non-repeatable levels by time:
     D:1: 1469 daAuts
     D:2: 798 daAuts
